PR
HUDSONVILLE FLANDERSES @ LONG ISLAND DUCKS
06/26/2042
 
TOP OF THE 1ST
Hudsonville Flanderses batting - Pitching for Long Island Ducks : LHP Byung-hyun Kim
Pitching: LHP Byung-hyun Kim
Batting: RHB Mike Marcus 0-0: Ball
1-0: Called Strike
1-1: Ball
2-1: Ground out 5-3 (Groundball, 56, EV 110.6 MPH)
Batting: LHB Lasse Karsberg 0-0: Ball
1-0: Ball
2-0: Swinging Strike
2-1: Swinging Strike
2-2: Strikes out swinging, 2-3 out at first.
Batting: SHB Bailey Stuart 0-0: Ball
1-0: Ball
2-0: SINGLE (Groundball, 6MD, EV 95.6 MPH)
Batting: RHB Patrick Gibbard 0-0: SINGLE (Groundball, 34D, EV 94.4 MPH)
Bailey Stuart to second
Runner from 2nd tries for 3rd, SAFE, throw by RF made to third
Batting: LHB Virgil Hughes 0-0: Called Strike
0-1: Foul Ball, location: 2F
0-2: Strikes out swinging
Top of the 1st over - 0 runs, 2 hits, 0 errors, 2 left on base; Hudsonville 0 - Long Island 0
BOTTOM OF THE 1ST
Long Island Ducks batting - Pitching for Hudsonville Flanderses : LHP Wayne King
Pitching: LHP Wayne King
Batting: RHB George Samuels 0-0: Foul Ball, location: 2F
0-1: Ground out 6-3 (Groundball, 6M, EV 100.6 MPH)
Batting: RHB Abdul Razzad Zaimukhes 0-0: Ball
1-0: Ball
2-0: Ball
3-0: Swinging Strike
3-1: Called Strike
3-2: Base on Balls
Batting: RHB Alfredo Torres 0-0: Ball
1-0: Ball
2-0: Ball
3-0: Called Strike
3-1: Swinging Strike
3-2: Strikes out swinging
Batting: LHB Michizane Yamashita 0-0: Swinging Strike
0-1: Foul Ball, location: 2F
0-2: Strikes out swinging
Bottom of the 1st over - 0 runs, 0 hits, 0 errors, 1 left on base; Hudsonville 0 - Long Island 0
TOP OF THE 2ND
Hudsonville Flanderses batting - Pitching for Long Island Ducks : LHP Byung-hyun Kim
Batting: LHB Victor de Bree 0-0: Ball
1-0: Ball
2-0: Ball
3-0: Called Strike
3-1: Foul Ball, location: 2F
3-2: Base on Balls
Batting: RHB Tony Mendoza 0-0: Called Strike
0-1: Swinging Strike
0-2: Fielders Choice at 2nd, 6-4 (Groundball, 6, EV 88.1 MPH)
Batting: RHB Danny McElroy 0-0: Ball
1-0: Ball
2-0: Called Strike
2-1: Swinging Strike
2-2: Ball
3-2: Strikes out swinging
Batting: SHB Manuel Durán 0-0: Ball
1-0: Called Strike
1-1: Foul Ball, location: 2F
1-2: Ball
2-2: Strikes out swinging
Top of the 2nd over - 0 runs, 0 hits, 0 errors, 1 left on base; Hudsonville 0 - Long Island 0
BOTTOM OF THE 2ND
Long Island Ducks batting - Pitching for Hudsonville Flanderses : LHP Wayne King
Batting: RHB Shu-yaan Seema 0-0: Foul Ball, location: 2F
0-1: Ball
1-1: Foul Ball, location: 2F
1-2: SINGLE (Groundball, 6MD, EV 106.2 MPH)
Batting: RHB Al Ruíz 0-0: Ball
1-0: Ball
2-0: Called Strike
2-1: Ball
3-1: Base on Balls
Shu-yaan Seema to second
Batting: LHB Danny Stone 0-0: Called Strike
0-1: Ball
1-1: Foul Ball, location: 2F
1-2: Strikes out swinging
Batting: RHB Tom Kelley 0-0: SINGLE (Groundball, 56D, EV 103.8 MPH)
Shu-yaan Seema to third
Al Ruíz to second
Batting: LHB Brad Brown 0-0: SINGLE (Groundball, 56D, EV 100.6 MPH)
Shu-yaan Seema scores
Al Ruíz to third
Tom Kelley to second
Runner from 3rd tries for Home, SAFE, throw by LF to home
Batting: RHB George Samuels 0-0: Ball
1-0: Called Strike
1-1: Swinging Strike
1-2: Strikes out looking
Batting: RHB Abdul Razzad Zaimukhes 0-0: Ball
1-0: Ball
2-0: Called Strike
2-1: Foul Ball, location: 2F
2-2: Ball
3-2: Ground out 4-3 (Groundball, 4M, EV 87.5 MPH)
Bottom of the 2nd over - 2 runs, 3 hits, 0 errors, 2 left on base; Hudsonville 0 - Long Island 2
TOP OF THE 3RD
Hudsonville Flanderses batting - Pitching for Long Island Ducks : LHP Byung-hyun Kim
Batting: RHB Mike Marcus 0-0: Ball
1-0: Ball
2-0: Called Strike
2-1: Ball
3-1: Base on Balls
Batting: LHB Lasse Karsberg 0-0: Foul Ball, location: 2F
0-1: Foul Ball, location: 2F
0-2: Strikes out looking
Batting: SHB Bailey Stuart 0-0: Ball
Mike Marcus steals 2nd base
1-0: Called Strike
1-1: Ball
2-1: Foul Ball, location: 2F
2-2: Strikes out swinging
Batting: RHB Patrick Gibbard 0-0: Called Strike
0-1: Ball
1-1: Foul Ball, location: 2F
1-2: Foul Ball, location: 2F
1-2: Strikes out looking
Top of the 3rd over - 0 runs, 0 hits, 0 errors, 1 left on base; Hudsonville 0 - Long Island 2
BOTTOM OF THE 3RD
Long Island Ducks batting - Pitching for Hudsonville Flanderses : LHP Wayne King
Batting: RHB Alfredo Torres 0-0: Ground out 4-3 (Groundball, 34, EV 101.2 MPH)
Batting: LHB Michizane Yamashita 0-0: Called Strike
0-1: Called Strike
0-2: Ball
1-2: Ball
2-2: Fly out, F9 (Line Drive, 9, EV 90.6 MPH)
Batting: RHB Shu-yaan Seema 0-0: Ball
1-0: Ball
2-0: Ball
3-0: Base on Balls
Batting: RHB Al Ruíz 0-0: Ball
1-0: Called Strike
1-1: Fielders Choice at 2nd, 6-4 (Groundball, 56, EV 78.1 MPH)
Bottom of the 3rd over - 0 runs, 0 hits, 0 errors, 1 left on base; Hudsonville 0 - Long Island 2
TOP OF THE 4TH
Hudsonville Flanderses batting - Pitching for Long Island Ducks : LHP Byung-hyun Kim
Batting: LHB Virgil Hughes 0-0: Fly out, F8 (Flyball, 8RM, EV 95.0 MPH)
Batting: LHB Victor de Bree 0-0: Called Strike
0-1: Ball
1-1: DOUBLE (Line Drive, 89XD, EV 109.4 MPH)
Batting: RHB Tony Mendoza 0-0: Swinging Strike
0-1: Ball
1-1: Called Strike
1-2: Strikes out looking
Batting: RHB Danny McElroy 0-0: Foul Ball, location: 2F
0-1: Ball
1-1: Called Strike
1-2: Foul Ball, location: 2F
1-2: Foul Ball, location: 2F
1-2: Strikes out looking
Top of the 4th over - 0 runs, 1 hit, 0 errors, 1 left on base; Hudsonville 0 - Long Island 2
BOTTOM OF THE 4TH
Long Island Ducks batting - Pitching for Hudsonville Flanderses : LHP Wayne King
Batting: LHB Danny Stone 0-0: SINGLE (Groundball, 6, EV 83.8 MPH) (infield hit)
Batting: RHB Tom Kelley 0-0: Ball
1-0: Fielders Choice at 2nd, 6-4 (Groundball, 6, EV 84.4 MPH)
Batting: LHB Brad Brown 0-0: Ball
1-0: Ball
2-0: Swinging Strike
2-1: Ball
3-1: Called Strike
3-2: Foul Ball, location: 2F
3-2: Foul Ball, location: 2F
3-2: Foul Ball, location: 2F
3-2: Base on Balls
Tom Kelley to second
Batting: RHB George Samuels 0-0: Called Strike
0-1: Foul Ball, location: 2F
0-2: Ball
1-2: Ball
2-2: Foul Ball, location: 2F
2-2: Ball
3-2: SINGLE (Groundball, 6D, EV 94.4 MPH)
Tom Kelley to third
Brad Brown to second
Runner from 3rd tries for Home, SAFE, throw by LF to home
Brad Brown to third
George Samuels to second
Batting: RHB Abdul Razzad Zaimukhes 0-0: SINGLE (Groundball, 34D, EV 103.1 MPH)
Brad Brown scores
George Samuels to third
Runner from 3rd tries for Home, SAFE, no throw by RF
Pitching: RHP Ryan Barker
Batting: RHB Alfredo Torres 0-0: Ball
1-0: Called Strike
1-1: Ball
2-1: Ball
3-1: SINGLE (Line Drive, 89S, EV 97.5 MPH)
Abdul Razzad Zaimukhes to second
Batting: LHB Michizane Yamashita 0-0: Ball
1-0: Called Strike
1-1: Ball
2-1: SINGLE (Groundball, 34D, EV 95.0 MPH)
Abdul Razzad Zaimukhes to third
Alfredo Torres to second
Batting: RHB Shu-yaan Seema 0-0: Foul Ball, location: 2F
0-1: Ball
1-1: Called Strike
1-2: Strikes out swinging
Batting: RHB Al Ruíz 0-0: Ball
1-0: Fly out, F4 (Popup, 34S, EV 75.6 MPH)
Bottom of the 4th over - 3 runs, 5 hits, 0 errors, 3 left on base; Hudsonville 0 - Long Island 5
TOP OF THE 5TH
Hudsonville Flanderses batting - Pitching for Long Island Ducks : LHP Byung-hyun Kim
Batting: SHB Manuel Durán 0-0: Called Strike
0-1: Foul Ball, location: 2F
0-2: Ball
1-2: Ball
2-2: Ball
3-2: Base on Balls
Batting: RHB Mike Marcus 0-0: Called Strike
0-1: Ball
1-1: Swinging Strike
1-2: Foul Ball, location: 2F
1-2: Foul Ball, location: 2F
1-2: Fielders Choice at 2nd, 6-4 (Groundball, 6, EV 101.9 MPH)
Batting: LHB Lasse Karsberg 0-0: Called Strike
0-1: Called Strike
0-2: Ball
1-2: Strikes out swinging
Batting: SHB Bailey Stuart 0-0: Reached on error, E2 (Groundball, 2R, EV 60.6 MPH)
Mike Marcus to third
Batting: RHB Patrick Gibbard 0-0: Foul Ball, location: 2F
0-1: Ball
1-1: Foul Ball, location: 2F
1-2: Hit by Pitch
Batting: LHB Virgil Hughes 0-0: Ball
1-0: Foul Ball, location: 2F
1-1: Called Strike
1-2: Ball
2-2: Foul Ball, location: 2F
2-2: Ball
3-2: Foul Ball, location: 2F
3-2: Strikes out swinging
Top of the 5th over - 0 runs, 0 hits, 1 error, 3 left on base; Hudsonville 0 - Long Island 5
BOTTOM OF THE 5TH
Long Island Ducks batting - Pitching for Hudsonville Flanderses : RHP Ryan Barker
Batting: LHB Danny Stone 0-0: Called Strike
0-1: Ball
1-1: Called Strike
1-2: Ground out 4-3 (Groundball, 4, EV 103.1 MPH)
Batting: RHB Tom Kelley 0-0: Ball
1-0: Called Strike
1-1: Swinging Strike
1-2: Strikes out looking
Batting: LHB Brad Brown 0-0: Ball
1-0: Foul Ball, location: 2F
1-1: Fly out, F8 (Flyball, 78M, EV 86.9 MPH)
Bottom of the 5th over - 0 runs, 0 hits, 0 errors, 0 left on base; Hudsonville 0 - Long Island 5
TOP OF THE 6TH
Hudsonville Flanderses batting - Pitching for Long Island Ducks : LHP Byung-hyun Kim
Pitching: RHP Eric Corbin
Batting: LHB Victor de Bree 0-0: Foul Ball, location: 2F
0-1: Ball
1-1: Swinging Strike
1-2: Strikes out swinging
Batting: RHB Tony Mendoza 0-0: Called Strike
0-1: Called Strike
0-2: Foul Ball, location: 2F
0-2: Strikes out swinging
Batting: RHB Danny McElroy 0-0: Swinging Strike
0-1: SINGLE (Groundball, 56D, EV 94.4 MPH)
Batting: SHB Manuel Durán 0-0: Called Strike
0-1: Swinging Strike
0-2: Foul Ball, location: 2F
0-2: Ball
1-2: Ball
2-2: Ball
3-2: Foul Ball, location: 2F
3-2: Ground out 1-3 (Groundball, 13, EV 92.5 MPH)
Top of the 6th over - 0 runs, 1 hit, 0 errors, 1 left on base; Hudsonville 0 - Long Island 5
BOTTOM OF THE 6TH
Long Island Ducks batting - Pitching for Hudsonville Flanderses : RHP Ryan Barker
Batting: RHB George Samuels 0-0: Ball
1-0: Swinging Strike
1-1: Called Strike
1-2: Ball
2-2: Fly out, F7 (Flyball, 7D, EV 103.1 MPH)
Batting: RHB Abdul Razzad Zaimukhes 0-0: Ground out 1-3 (Groundball, 34S, EV 70.0 MPH)
Batting: RHB Alfredo Torres 0-0: Swinging Strike
0-1: Foul Ball, location: 2F
0-2: Ball
1-2: Ball
2-2: Fly out, F4 (Popup, 4D, EV 55.6 MPH)
Bottom of the 6th over - 0 runs, 0 hits, 0 errors, 0 left on base; Hudsonville 0 - Long Island 5
TOP OF THE 7TH
Hudsonville Flanderses batting - Pitching for Long Island Ducks : RHP Eric Corbin
Batting: RHB Mike Marcus 0-0: Called Strike
0-1: Foul Ball, location: 2F
0-2: Ball
1-2: Ball
2-2: SINGLE (Groundball, 4M, EV 95.6 MPH)
Batting: LHB Lasse Karsberg 0-0: Ball
Mike Marcus steals 2nd base (no throw)
1-0: Called Strike
1-1: Called Strike
1-2: Foul Ball, location: 2F
1-2: Ball
2-2: Foul Ball, location: 2F
2-2: Ball
3-2: Foul Ball, location: 2F
3-2: Foul Ball, location: 2F
3-2: Base on Balls
Batting: SHB Bailey Stuart 0-0: Called Strike
0-1: Foul Ball, location: 2F
0-2: Fielders Choice at 2nd, 6-4 (Groundball, 6, EV 81.2 MPH)
Mike Marcus to third
Batting: RHB Patrick Gibbard 0-0: Ball
1-0: Foul Ball, location: 2F
1-1: Called Strike
1-2: Strikes out looking
Batting: LHB Virgil Hughes 0-0: Called Strike
0-1: Ball
1-1: Foul Ball, location: 2F
1-2: Foul Ball, location: 2F
1-2: Ball
2-2: SINGLE (Line Drive, 78M, EV 94.4 MPH)
Mike Marcus scores
Bailey Stuart to second
Batting: LHB Victor de Bree 0-0: SINGLE (Groundball, 4MD, EV 105.6 MPH)
Bailey Stuart to third
Virgil Hughes to second
Runner from 3rd tries for Home, SAFE, no throw by CF
Batting: RHB Tony Mendoza 0-0: Called Strike
0-1: DOUBLE (Line Drive, 9LS, EV 114.4 MPH)
Virgil Hughes scores
Victor de Bree to third
Pitching: LHP Everton Stirzacre
Batting: RHB Danny McElroy 0-0: Called Strike
0-1: Ball
1-1: Ball
2-1: Ball
3-1: Base on Balls
Pinch Hitting: LHB Ben Yunusov 0-0: Ball
1-0: Ball
2-0: Foul Ball, location: 2F
2-1: Ball
3-1: Foul Ball, location: 2F
3-2: Fly out, F7 (Flyball, 7LDF, EV 93.1 MPH)
Top of the 7th over - 3 runs, 4 hits, 0 errors, 3 left on base; Hudsonville 3 - Long Island 5
BOTTOM OF THE 7TH
Long Island Ducks batting - Pitching for Hudsonville Flanderses : RHP Ryan Barker
Now in LF: Félix Islava
Batting: LHB Michizane Yamashita 0-0: Called Strike
0-1: Swinging Strike
0-2: Ball
1-2: Strikes out swinging
Batting: RHB Shu-yaan Seema 0-0: Swinging Strike
0-1: Swinging Strike
0-2: Ball
1-2: Ball
2-2: SINGLE (Groundball, 6S, EV 69.4 MPH) (infield hit)
Batting: RHB Al Ruíz 0-0: Called Strike
0-1: Fly out, F7 (Flyball, 78M, EV 71.2 MPH)
Batting: LHB Danny Stone 0-0: Called Strike
0-1: SINGLE (Groundball, 6S, EV 88.1 MPH) (infield hit)
Shu-yaan Seema to second
Batting: RHB Tom Kelley 0-0: SINGLE (Line Drive, 8LS, EV 106.2 MPH)
Shu-yaan Seema to third
Danny Stone to second
Batting: LHB Brad Brown 0-0: Called Strike
0-1: Called Strike
0-2: Ball
1-2: SINGLE (Groundball, 4MD, EV 103.8 MPH)
Shu-yaan Seema scores
Danny Stone to third
Tom Kelley to second
Runner from 3rd tries for Home, SAFE, throw by CF to home
Batting: RHB George Samuels 0-0: Ball
1-0: Ball
2-0: Ball
3-0: Base on Balls
Tom Kelley to third
Brad Brown to second
Batting: RHB Abdul Razzad Zaimukhes 0-0: Swinging Strike
0-1: Foul Ball, location: 2F
0-2: Ball
1-2: Foul Ball, location: 2F
1-2: Ball
2-2: Ball
3-2: Strikes out swinging
Bottom of the 7th over - 2 runs, 4 hits, 0 errors, 3 left on base; Hudsonville 3 - Long Island 7
TOP OF THE 8TH
Hudsonville Flanderses batting - Pitching for Long Island Ducks : LHP Everton Stirzacre
Batting: RHB Mike Marcus 0-0: Ball
1-0: Swinging Strike
1-1: SOLO HOME RUN (Flyball, 7LD, EV 99.4 MPH), Distance : 359 ft
Batting: LHB Lasse Karsberg 0-0: Ball
1-0: Ball
2-0: Ball
3-0: Base on Balls
Batting: SHB Bailey Stuart 0-0: SINGLE (Line Drive, 89S, EV 92.5 MPH)
Lasse Karsberg to second
Runner from 2nd tries for 3rd, SAFE, throw by RF made to third
Pitching: RHP Jimmy McDonald
Batting: RHB Patrick Gibbard 0-0: Fly out, F9 (Flyball, 9S, EV 83.8 MPH)
Batting: LHB Virgil Hughes 0-0: Called Strike
0-1: Ball
1-1: Swinging Strike
1-2: Foul Ball, location: 2F
1-2: Ball
2-2: Ball
3-2: Fly out, F8 (Flyball, 8LS, EV 93.1 MPH)
Runner from 3rd tags up, SCORES, no throw by CF
Batting: LHB Victor de Bree 0-0: Called Strike
0-1: Called Strike
0-2: Foul Ball, location: 2F
0-2: Ball
1-2: Ball
2-2: Fly out, F8 (Flyball, 8LM, EV 87.5 MPH)
Top of the 8th over - 2 runs, 2 hits, 0 errors, 1 left on base; Hudsonville 5 - Long Island 7
BOTTOM OF THE 8TH
Long Island Ducks batting - Pitching for Hudsonville Flanderses : RHP Ryan Barker
Batting: RHB Alfredo Torres 0-0: Ground out U3 (Groundball, 3S, EV 63.1 MPH)
Batting: LHB Michizane Yamashita 0-0: Foul Ball, location: 2F
0-1: Called Strike
0-2: Ball
1-2: Ball
2-2: Ball
3-2: Base on Balls
Pitching: RHP Hisham Daud
Batting: RHB Shu-yaan Seema 0-0: Called Strike
0-1: SINGLE (Line Drive, 78S, EV 103.1 MPH)
Michizane Yamashita to second
Batting: RHB Al Ruíz 0-0: Foul Ball, location: 2F
0-1: Ball
1-1: Swinging Strike
1-2: Ball
2-2: Ball
3-2: Strikes out swinging
Batting: LHB Danny Stone 0-0: Ball
1-0: Ball
2-0: Ball
3-0: Called Strike
3-1: Ground out 4-3 (Groundball, 4, EV 86.2 MPH)
Bottom of the 8th over - 0 runs, 1 hit, 0 errors, 2 left on base; Hudsonville 5 - Long Island 7
TOP OF THE 9TH
Hudsonville Flanderses batting - Pitching for Long Island Ducks : RHP Jimmy McDonald
Pitching: RHP Liu-liang Liu
Batting: RHB Tony Mendoza 0-0: SINGLE (Line Drive, 89S, EV 100.6 MPH)
Batting: RHB Danny McElroy 0-0: Ball
1-0: Fielders Choice at 2nd, 5-4 (Groundball, 56, EV 87.5 MPH)
Batting: LHB Félix Islava 0-0: Ball
1-0: Swinging Strike
1-1: Swinging Strike
1-2: Ball
2-2: Ball
3-2: Strikes out swinging
Batting: RHB Mike Marcus 0-0: Foul Ball, location: 2F
0-1: Called Strike
0-2: SINGLE (Groundball, 34D, EV 94.4 MPH)
Danny McElroy to second
Batting: LHB Lasse Karsberg 0-0: Called Strike
0-1: Called Strike
0-2: Strikes out looking
Top of the 9th over - 0 runs, 2 hits, 0 errors, 2 left on base; Hudsonville 5 - Long Island 7
Friday, March 26th, 2021 - OOTP Baseball 20.8 Build 74